 Dungeon Crawl Stone Soup version 0.29.1-12-g30fa7ad0bf (webtiles) character file.

Game seed: 2392653584554527235

229 LustLizard the Cutter (level 6, 0/47 HPs)
             Began as a Merfolk Gladiator on Jan 18, 2023.
             Slain by a bullfrog (6 damage)
             ... in a sewer on Jan 19, 2023.
             The game lasted 00:05:41 (3535 turns).

LustLizard the Cutter (Merfolk Gladiator)           Turns: 3535, Time: 00:05:42

Health: 0/47       AC:  6    Str: 15    XL:     6   Next: 3%
Magic:  6/6        EV: 15    Int:  7    God:
Gold:   37         SH:  0    Dex: 17    Spells: 5/5 levels left

rFire   . . .      SeeInvis .   j - +2 flail of the Hero {flame, rElec}
rCold   . . .      Faith    .   (no shield)
rNeg    + . .      Spirit   .   o - +0 ring mail
rPois   .          Reflect  .   c - +0 helmet
rElec   +          Harm     .   (no cloak)
rCorr   .          Rampage  .   (no gloves)
Will    .....                   (boots currently unavailable)
Stlth   ++........              (no amulet)
HPRegen 0.15/turn               f - ring of positive energy
MPRegen 0.10/turn               (no ring)

@: very quick
A: nimble swimmer 2, mertail
a: no special abilities


You were in a sewer.
You visited 1 branch of the dungeon, and saw 3 of its levels.
You also visited: Sewer.

You collected 37 gold pieces.

Inventory:

Hand Weapons
 a - a +0 rapier
 j - the +2 flail of the Hero (weapon) {flame, rElec}
   (You found it on level 2 of the Dungeon)

   It burns those it strikes, dealing additional fire damage.
   rElec:     It insulates you from electricity.
Missiles
 d - 3 throwing nets (quivered)
 e - a javelin
Armour
 b - a +0 leather armour
 c - a +0 helmet (worn)
 k - a +0 pair of boots (melded)
 o - a +0 ring mail (worn)
Jewellery
 f - a ring of positive energy (left hand)
Scrolls
 i - 2 scrolls of teleportation {unknown}
 l - a scroll of magic mapping {unknown}
 n - a scroll of noise {unknown}
 p - a scroll of identify {unknown}
 q - a scroll of fog {unknown}
Potions
 g - a potion of heal wounds {unknown}
 h - 2 potions of brilliance {unknown}
 m - a potion of degeneration {unknown}


   Skills:
 - Level 3.0 Fighting
 * Level 7.1 Short Blades
 - Level 2.0 Throwing
 - Level 4.0 Dodging
 - Level 2.0 Stealth


You had 5 spell levels left.
You didn't know any spells.
Your spell library contained the following spells:

 Spells                   Type           Power      Damage    Failure   Level
 Freeze                   Ice            0%         1d3       67%         1
 Sting                    Tmut/Pois      0%         1d3       67%         1
 Poisonous Vapours        Pois/Air       0%         N/A       80%         2
 Olgreb's Toxic Radiance  Pois           0%         N/A       100%        4


Dungeon Overview and Level Annotations

Branches:
Dungeon (3/15)              Sewer (1/1)

Altars:

Shops:
D:1 *


Innate Abilities, Weirdness & Mutations

You are very nimble when in or above water. (Stealth+, EV+, Speed+++)
Your lower body shifts to a powerful aquatic tail in water.


Message History

The ball python constricts you. The bullfrog completely misses you.
The bullfrog barely misses you.
You escape the ball python's grasp.
You hit the endoplasm but do no damage.
The bullfrog hits you but does no damage.
The bullfrog closely misses you. The endoplasm closely misses you.
The bullfrog hits you.
The bullfrog hits you but does no damage.
You closely miss the bullfrog.
The bullfrog is heavily wounded.
The bullfrog hits you. The endoplasm freezes you.
You are frozen.
The bullfrog hits you. The bullfrog hits you!
* * * LOW HITPOINT WARNING * * *
The endoplasm hits you.
* * * LOW HITPOINT WARNING * * *
The bullfrog misses you.
Unknown command.
Okay, then.
You barely miss the bullfrog.
Your tail-slap misses the bullfrog.
The bullfrog is heavily wounded.
The bullfrog hits you but does no damage.
The bullfrog barely misses you. The bullfrog hits you.
* * * LOW HITPOINT WARNING * * *
The endoplasm hits you but does no damage.
The bullfrog barely misses you. x2
You closely miss the bullfrog.
The bullfrog is heavily wounded.
The bullfrog completely misses you. The bullfrog misses you.
The endoplasm completely misses you. The bullfrog barely misses you. x2
The endoplasm hits you but does no damage.
Unknown command.
You sock the bullfrog! You burn the bullfrog.
You kill the bullfrog!
Your Short Blades skill increases to level 7!
You have reached level 6!
You sock the endoplasm! You burn the endoplasm.
You kill the endoplasm!
The bullfrog barely misses you. The bullfrog hits you.
You die...

#####..~.~~~~~~.#
###.∩.÷~~..~~~~~~~#
#~...~#########~~~#
∩~.####~~~~~~~~..~####
####~~†~#####~.~~~#..##
#~~~~~.~#~∩~#######~~†####
.~~.~####~~~~.~..#~~~†~.~##
~~~###~~~~~~~~..~##.~#~~~~##
~~##.~~~.#######@~#~~##~~.~#
~##~~..###≈≈~~~#F.##~.##~.~##
~#.~~~##≈≈~.~~~~S~~#~~~#~.~~#
##~~~##
≈~~.~~~.~~.#~~~##~.†## #.~.~#
~~~~~~$..~~#†~~.#~~~.# #.~~~#
.~~~.|=?..~#~~.~#~~.∩# #~~~~#
~.~.!?(.~.≈#~~~~#~~~.#
##.~~##
≈≈~~...~~≈##~~.##~~.##
~#~~~.##≈≈≈≈~~~≈≈##~~.~#.~~~#


You could see a bullfrog and a ball python.

Vanquished Creatures
  A bullfrog (Sewer)
  6 adders
  2 worms
  A dart slug (D:2)
  6 orcs (D:3)
  12 endoplasms
  11 giant cockroaches
  6 goblins
  5 hobgoblins
  15 quokkas
  12 ball pythons
  5 bats
  7 frilled lizards
  A kobold (D:1)
  2 rats (D:1)
92 creatures vanquished.

Vanquished Creatures (others)
  A fungus (D:1)
1 creature vanquished.

Grand Total: 93 creatures vanquished

Notes
Turn   | Place    | Note
-------+----------+-------------------------------------------
     0 | D:1      | LustLizard the Merfolk Gladiator began the quest for the
                  | Orb.
     0 | D:1      | Reached XP level 1. HP: 16/16 MP: 1/1
   296 | D:1      | Found a faded altar of an unknown god.
   305 | D:1      | Reached XP level 2. HP: 9/23 MP: 2/2
   439 | D:1      | Reached skill level 4 in Short Blades
   548 | D:1      | Got Plato's Dissertation on the Snowflakes
   641 | D:1      | Found Voumou's Assorted Antiques.
   674 | D:1      | Reached skill level 1 in Stealth
  1485 | D:1      | Reached XP level 3. HP: 8/28 MP: 3/3
  1767 | D:2      | Identified the +2 flail of the Hero {flame, rElec}
  2520 | D:3      | Reached XP level 4. HP: 34/34 MP: 4/4
  2555 | D:3      | Found a glowing drain.
  2572 | D:3      | Reached skill level 5 in Short Blades
  2679 | Sewer    | Entered a sewer
  3251 | Sewer    | Reached XP level 5. HP: 35/41 MP: 5/5
  3253 | Sewer    | Reached skill level 6 in Short Blades
  3535 | Sewer    | Reached skill level 7 in Short Blades
  3535 | Sewer    | Reached XP level 6. HP: 6/47 MP: 6/6
  3535 | Sewer    | Slain by a bullfrog

Illustrated notes

Levels and vault maps discovered:
D:1:      elethiomel_arrival_shortcut, layout_basic, serial_shops, shop_statue,
          shapermc_ecumenical_altar_rom_forum
D:2:      layout_basic, minivault_11
D:3:      layout_basic, gup_sewer_entry_pipe, grunt_decor_junction,
          nicolae_wormholes
Sewer:    sewer_frog_island_02

Skill      XL: |  1  2  3  4  5 |
---------------+----------------+-----
Short Blades   | 4 5 7 |  7.1
Stealth        | 1 2 |  2.0
Fighting       | 3 |  3.0
Throwing       | |  2.0
Dodging        | |  4.0

Action                   |  1- 3 |  4- 6 || total
-------------------------+-------+-------++-------
Melee: Rapier            |    83 |       ||    83
       Punch             |     1 |       ||     1
       Flail             |    38 |   138 ||   176
       Tailslap          |       |     5 ||     5
 Stab: Sleeping          |     3 |     3 ||     6
Armor: Leather armour    |    37 |       ||    37
       Ring mail         |     5 |    39 ||    44
Dodge: Dodged            |    79 |   119 ||   198
